Map: Heavy Artillery LE

Players

Massa - Winner!

  • Race: Terran Terran
  • League: Gold
  • Spawn Location: 7:00

qqq - Winner!

  • Race: Zerg Zerg
  • Spawn Location: 7:00

happyrouge

  • Race: Terran Terran
  • League: Silver
  • Spawn Location: 1:00

basvam

  • Race: Protoss Protoss
  • Spawn Location: 3:00

VOD

Have the link to the VOD?

Description

Time

  • Played on: June 29, 2020, 3:08 p.m.
  • Length: 4:55
Show
View Real Time Build Order
Export as new Build Order

Massa Terran - Winner!

Build Orders:  

Get SALT Encoding   

  12  0:03  SCV  
  13  0:19  SCV, Supply Depot  
  14  0:31  SCV  
  15  0:43  SCV  
  15  0:44  Barracks  
  16  0:55  SCV  
  17  1:07  SCV  
  18  1:12  Barracks  
  18  1:19  SCV  
  19  1:33  Barracks  
  19  1:34  Marine, Supply Depot  
  20  1:45  SCV  
  21  1:52  Marine  
  21  2:00  Barracks  
  21  2:01  Supply Depot  
  21  2:03  Marine  
  22  2:10  Marine  
  22  2:14  Orbital Command  
  23  2:21  Marine  
  24  2:27  Supply Depot  
  24  2:30  Marine  
  24  2:32  Marine  
  26  2:38  Refinery  
  26  2:39  Marine  
  27  2:47  Marine  
  27  2:48  Marine  
  27  2:49  Marine  
  30  2:57  Marine  
  31  3:01  SCV  
  31  3:04  Marine  
  33  3:06  Marine  
  33  3:07  Marine  
  35  3:15  Marine  
  36  3:21  Supply Depot  
  36  3:22  Marine  
  36  3:24  Marine  
  36  3:25  Marine  
  39  3:32  Marine  
  40  3:40  Marine  
  41  3:41  Marine  
  41  3:43  Marine  
  43  3:50  Marine  
  44  3:58  Marine  
  44  3:59  Marine  
  44  4:01  Marine  
  47  4:08  Marine  
  48  4:14  Command Center  
  48  4:16  Marine  
  49  4:17  Marine  
  49  4:19  Marine  
  51  4:26  Marine  
  50  4:34  Marine  
  50  4:35  Marine  
Show
View Real Time Build Order
Export as new Build Order

qqq Zerg - Winner!

Build Orders: Hatch First 

Get SALT Encoding   

  12  0:03  Drone  
  13  0:11  Drone  
  14  0:37  Hatchery  
  13  0:53  Spawning Pool  
  12  0:58  Overlord  
  12  1:03  Drone  
  13  1:08  Drone  
  14  1:22  Drone  
  14  1:23  Drone  
  16  1:26  Extractor  
  15  1:33  Drone  
  16  1:43  Queen  
  19  1:47  Drone  
  19  1:53  Drone  
  20  1:56  Queen  
  22  2:02  Drone  
  22  2:05  Drone  
  24  2:12  Overlord  
  24  2:16  Drone  
  25  2:23  Zergling x2  
  25  2:26  Metabolic Boost  
  26  2:30  Drone  
  26  2:32  Zergling x2  
  28  2:39  Zergling x2  
  28  2:43  Zergling x2  
  30  2:48  Zergling x2  
  31  2:53  Zergling x2  
  31  2:56  Zergling x2  
  31  2:57  Overlord  
  33  2:59  Drone, Zergling x2  
  33  3:00  Zergling x2  
  36  3:11  Overlord  
  36  3:29  Zergling x8  
  36  3:30  Zergling x8  
  44  3:42  Overlord  
  44  3:44  Overlord  
  44  3:51  Zergling x2  
  45  3:59  Zergling x4  
  47  4:11  Zergling x8  
  47  4:12  Drone  
  47  4:13  Zergling x4  
  54  4:21  Zergling x2  
  54  4:23  Drone  
Show
View Real Time Build Order
Export as new Build Order

happyrouge Terran 

Build Orders: 2 Factory 

Get SALT Encoding   

  12  0:08  SCV  
  13  0:21  SCV, Supply Depot  
  14  0:33  SCV  
  15  0:44  Barracks  
  15  0:45  SCV  
  16  0:53  Refinery  
  16  0:57  SCV  
  17  1:09  SCV  
  18  1:21  SCV  
  19  1:33  SCV  
  20  1:45  SCV  
  21  1:47  Engineering Bay  
  21  1:48  Refinery  
  21  1:57  SCV  
  21  1:59  Factory  
  22  2:09  SCV  
  23  2:18  Command Center  
  23  2:25  Supply Depot  
  23  2:42  Factory Tech Lab  
  23  2:45  Starport  
  23  2:47  Widow Mine, SCV  
  26  3:03  SCV  
  27  3:09  Widow Mine  
  27  3:10  Factory  
  29  3:15  SCV  
  31  3:27  SCV  
  31  3:29  Medivac, Supply Depot  
  35  3:35  Factory Tech Lab  
  35  3:39  SCV  
  34  3:43  SCV  
  35  3:51  SCV  
  35  3:55  Factory Tech Lab, SCV  
  37  4:03  SCV  
  37  4:06  Armory  
  37  4:07  SCV  
  37  4:08  Viking  
  41  4:20  SCV  
  41  4:22  Hellion  
  41  4:23  Hellion  
  46  4:32  SCV  
Show
View Real Time Build Order
Export as new Build Order

basvam Protoss 

Build Orders: Oracle Opening 

Get SALT Encoding   

  12  0:02  Probe  
  13  0:22  Pylon  
  13  0:23  Probe  
  14  0:35  Probe  
  15  0:41  Gateway  
  15  0:46  Pylon  
  15  0:52  Probe  
  16  1:04  Probe  
  17  1:15  Forge  
  17  1:16  Probe  
  18  1:26  Pylon  
  18  1:30  Probe  
  19  1:38  Assimilator  
  19  1:41  Assimilator  
  19  1:42  Probe  
  20  1:52  Cybernetics Core  
  20  2:11  Probe  
  21  2:23  Nexus  
  21  2:35  Probe  
  22  2:45  Stargate  
  22  2:54  Probe  
  23  3:07  Probe  
  25  3:20  Probe, Oracle  
  25  3:32  Probe  
  29  3:39  Probe  
  30  3:44  Probe, Assimilator  
  30  3:48  Assimilator  
  31  3:51  Probe  
  31  3:52  Pylon  
  32  4:08  Fleet Beacon  
  32  4:24  Photon Cannon  
  32  4:26  Photon Cannon  
  32  4:30  Pylon  
Tags
 
Add a new tag
Caveats
  • Supply blocks, unpowered buildings, or Contaminate may cause inaccurate times.
  • Supply counts are checked every 10 seconds.